 Seeded DCSS version 0.28.0-47-ge53b351184 (webtiles) character file.

Game seed: 523019199727972820 (custom seed)

3992 thiscave3701365 the Cleaver (level 10, -8/89 HPs)
             Began as a Minotaur Berserker on May 9, 2022.
             Was a Priest of Trog.
             Mangled by an eight-headed hydra (10 damage)
             ... on level 8 of the Dungeon.
             The game lasted 00:10:12 (11839 turns).

thiscave3701365 the Cleaver (Minotaur Berserker)   Turns: 11839, Time: 00:10:29

Health: -8/89      AC: 17    Str: 26    XL:     10   Next: 3%
Magic:  9/9        EV:  6    Int:  4    God:    Trog [***...]
Gold:   439        SH:  0    Dex: 10    Spells: 9/9 levels left

rFire   . . .      SeeInvis .   b - +9 battleaxe "Pagoes" {speed, rPois rC- Stlth+}
rCold   x . .      Faith    .   (shield currently unavailable)
rNeg    . . .      Spirit   .   y - +0 crystal plate armour
rPois   +          Reflect  .   (helmet restricted)
rElec   .          Harm     .   (no cloak)
rCorr   .          Rampage  .   (no gloves)
Will    .....                   (no boots)
Stlth   ..........              w - amulet of regeneration
HPRegen 1.04/turn               (no ring)
MPRegen 0.11/turn               (no ring)

@: about to teleport
A: horns 2, retaliatory headbutt
a: Renounce Religion, Berserk, Trog's Hand


You were on level 8 of the Dungeon.
You worshipped Trog.
Trog was most pleased with you.
You visited 1 branch of the dungeon, and saw 8 of its levels.

You collected 439 gold pieces.

Inventory:

Hand Weapons
 b - the +9 battleaxe "Pagoes" (weapon) {speed, rPois rC- Stlth+}
   (You acquired it on level 7 of the Dungeon)

   Attacks with this weapon are significantly faster.
   rC:        It makes you vulnerable to cold.
   rPois:     It protects you from poison.
   Stlth:     It makes you more stealthy.
Missiles
 l - 2 throwing nets
Armour
 a - a +0 tower shield
 y - a +0 crystal plate armour (worn)
Jewellery
 w - an amulet of regeneration (around neck)
Wands
 t - a wand of paralysis (9)
 x - a wand of flame (23)
Scrolls
 c - a scroll of fog
 e - 2 scrolls of teleportation
 i - 3 scrolls of identify
 o - 2 scrolls of blinking
 p - a scroll of vulnerability
 v - 2 scrolls of summoning
Potions
 d - a potion of curing
 f - a potion of berserk rage
 g - a potion of resistance
 h - a potion of cancellation
 n - a potion of invisibility
 q - 2 potions of might
 s - a potion of heal wounds
 u - a potion of lignification {unknown}
 A - a potion of mutation {unknown}


   Skills:
 - Level 8.3 Fighting
 + Level 13.3 Axes
 - Level 6.1 Armour
 - Level 4.9 Dodging
 - Level 2.9 Stealth


You had 9 spell levels left.
You didn't know any spells.
Your spell library was empty.

Dungeon Overview and Level Annotations

Branches:
Dungeon (8/15)             Temple (0/1) D:4
   Lair: D:8-11

Altars:
Ashenzari
Nemelex Xobeh

Shops:
D:7 *

Annotations:
D:3 3 runed translucent doors, 0gre's ghost, amateur GnIE


Innate Abilities, Weirdness & Mutations

You have a pair of horns on your head.
You reflexively headbutt those who attack you in melee.


Message History

Found a book of Unlife.
No target in view!
Unknown command.
Found 14 stones.
No target in view!
A seven-headed hydra comes into view.
Found 15 arrows and 14 gold pieces.
A seven-headed hydra is nearby!
Unknown command.
A seven-headed hydra is nearby!
A seven-headed hydra is nearby!
The seven-headed hydra bites you but does no damage.
The seven-headed hydra bites you! The seven-headed hydra bites you.
The seven-headed hydra bites you but does no damage.
The seven-headed hydra bites you!
The seven-headed hydra bites you but does no damage. x2
Unknown command.
A seven-headed hydra is nearby!
You lop one of the seven-headed hydra's heads off!
The six-headed hydra grows two more!
You slash the eight-headed hydra!
The eight-headed hydra is moderately wounded.
The eight-headed hydra bites you. The eight-headed hydra bites you!
The eight-headed hydra bites you. The eight-headed hydra bites you!
The eight-headed hydra completely misses you.
The eight-headed hydra bites you.
The eight-headed hydra bites you but does no damage.
The eight-headed hydra bites you.
As you read the scroll of teleportation, it crumbles to dust.
You feel strangely unstable. The eight-headed hydra bites you!
* * * LOW HITPOINT WARNING * * *
The eight-headed hydra bites you!
* * * LOW HITPOINT WARNING * * *
The eight-headed hydra bites you.
* * * LOW HITPOINT WARNING * * *
The eight-headed hydra bites you but does no damage.
The eight-headed hydra bites you.
* * * LOW HITPOINT WARNING * * *
The eight-headed hydra bites you but does no damage. x2
The eight-headed hydra bites you!
You die...

#..# #.# #.## #..##
##..## ### ##..##
..######## ##..#######
....)....# ##.......#
##.......#####.......#
###.....#......@....#
#.....#....(..D...#
#.....#...........#
#.....#...........#
#######...........#
#.....(....$#
#....######## #....


You could see an eight-headed hydra.

Vanquished Creatures
  A two-headed ogre (D:8)
  Grinder (D:5)
  4 yaks (D:8)
  A steam dragon (D:6)
  Menkaure (D:5)
  2 orc warriors
  A sky beast (D:7)
  A necrophage (D:6)
  4 ogres
  A phantom (D:4)
  A kobold brigand (D:7)
  A bullfrog (D:7)
  A wyvern zombie (D:6)
  4 scorpions
  A wyvern skeleton (D:6)
  9 wights
  A howler monkey (D:4)
  A centaur zombie (D:6)
  2 orc priests
  A gnoll shaman (D:4)
  A jelly (D:6)
  3 hounds
  5 iguanas
  Ijyb (D:4)
  7 orc wizards
  A hound zombie (D:5)
  A hound skeleton (D:4)
  A gnoll (D:1)
  8 adders
  A white imp (D:7)
  An ufetubus (D:5)
  An adder skeleton (D:4)
  3 worms
  A dart slug (D:4)
  22 orcs
  12 endoplasms
  3 giant cockroaches
  4 goblins
  5 hobgoblins
  6 quokkas
  8 ball pythons
  6 bats
  A frilled lizard (D:1)
  12 kobolds
  8 rats
161 creatures vanquished.

Vanquished Creatures (others)
  7 plants (D:5)
7 creatures vanquished.

Grand Total: 168 creatures vanquished

Notes
Turn   | Place    | Note
-------+----------+-------------------------------------------
     0 | D:1      | thiscave3701365 the Minotaur Berserker began the quest for
                  | the Orb.
     0 | D:1      | Reached XP level 1. HP: 19/19 MP: 0/0
   312 | D:1      | Reached XP level 2. HP: 27/27 MP: 1/1
   407 | D:1      | Reached skill level 4 in Axes
   710 | D:1      | Found a faded altar of an unknown god.
  1164 | D:2      | Reached XP level 3. HP: 10/34 MP: 2/2
  1513 | D:2      | Found a broken altar of Ashenzari.
  1811 | D:2      | Reached ** piety under Trog
  2289 | D:3      | Reached XP level 4. HP: 38/41 MP: 3/3
  2439 | D:3      | Found a runed translucent gate.
  2505 | D:3      | Found a runed translucent gate.
  2590 | D:3      | Found a runed translucent gate.
  2634 | D:3      | Noticed 0gre's ghost (amateur GnIE)
  3083 | D:4      | Reached skill level 5 in Axes
  3083 | D:4      | Reached skill level 1 in Stealth
  3087 | D:4      | Reached XP level 5. HP: 47/47 MP: 4/4
  3539 | D:4      | Noticed a phantom
  3546 | D:4      | Killed a phantom
  3547 | D:4      | Reached skill level 5 in Fighting
  3644 | D:4      | Reached skill level 6 in Axes
  3842 | D:4      | Reached XP level 6. HP: 52/56 MP: 5/5
  3915 | D:4      | Noticed Ijyb
  3925 | D:4      | Killed Ijyb
  4133 | D:4      | Found a staircase to the Ecumenical Temple.
  4481 | D:4      | Reached *** piety under Trog
  4482 | D:4      | Reached skill level 7 in Axes
  5316 | D:4      | Reached XP level 7. HP: 54/62 MP: 6/6
  5625 | D:5      | Entered Level 5 of the Dungeon
  5625 | D:5      | Noticed Menkaure
  6316 | D:4      | HP: 3/62 [poisoned by a scorpion]
  7976 | D:5      | Killed Menkaure
  7979 | D:5      | Reached skill level 8 in Axes
  8231 | D:5      | Noticed Grinder
  8244 | D:5      | Killed Grinder
  8245 | D:5      | Reached XP level 8. HP: 66/71 MP: 7/7
  8546 | D:5      | Reached skill level 9 in Axes
  9539 | D:6      | Reached skill level 10 in Axes
 10524 | D:7      | Found Poej's Elemental Accessories.
 10562 | D:7      | Found a sparkling altar of Nemelex Xobeh.
 10681 | D:7      | Reached XP level 9. HP: 81/81 MP: 8/8
 10726 | D:7      | Reached skill level 5 in Armour
 11294 | D:7      | Identified a scroll of acquirement
 11294 | D:7      | Acquired the +9 battleaxe "Pagoes" {speed, rPois rC-
                  | Stlth+}
 11369 | D:8      | Noticed a two-headed ogre
 11376 | D:8      | Killed a two-headed ogre
 11377 | D:8      | Reached skill level 12 in Axes
 11672 | D:8      | Reached skill level 13 in Axes
 11789 | D:8      | Reached XP level 10. HP: 85/89 MP: 9/9
 11834 | D:8      | Noticed a seven-headed hydra
 11839 | D:8      | HP: 2/89 [eight-headed hydra (3)]
 11839 | D:8      | Mangled by an eight-headed hydra

Illustrated notes

Levels and vault maps discovered:
D:1:      minmay_arrival_floating_metal, layout_loops_corners,
          shapermc_ecumenical_altar_notcrosses, minivault_11
D:2:      layout_basic, basic_altar
D:3:      layout_basic, gammafunk_ghost_icy
D:4:      minmay_chambers_of_twos, layout_loops_cross,
          minmay_temple_entry_fiery, minmay_fractal_squares_5, uniq_ijyb
D:5:      layout_rooms, serial_bayou_lagoon_a, uniq_grinder, uniq_menkaure
D:6:      layout_loops_ring, grunt_decor_fettered, kennysheep_small_circle
D:7:      layout_loops_ring, mainiacjoe_overflow_small_starburst,
          nicolae_elemental_shop
D:8:      layout_rooms

Skill      XL: |  1  2  3  4  5  6  7  8  9 |
---------------+----------------------------+-----
Axes           | 4 5 6 7 8 10 13 | 13.3
Fighting       | 4 5 6 7 8 |  8.3
Stealth        | 1 2 |  2.9
Dodging        | 3 4 |  4.9
Armour         | 4 6 |  6.1

Action                   |  1- 3 |  4- 6 |  7- 9 | 10-12 || total
-------------------------+-------+-------+-------+-------++-------
Melee: Hand axe          |    74 |   111 |   159 |       ||   344
       Headbutt          |    13 |    20 |    37 |       ||    70
       Punch             |       |       |     1 |       ||     1
       War axe           |       |       |    26 |       ||    26
       Battleaxe         |       |       |    21 |     5 ||    26
Invok: Berserk           |     2 |     6 |    15 |       ||    23
  Use: Scroll            |       |       |    15 |     1 ||    16
 Stab: Sleeping          |     2 |     1 |       |       ||     3
Armor: Animal skin       |    12 |     6 |     7 |       ||    25
       Crystal plate arm |       |       |    53 |     9 ||    62
       Chain mail        |       |       |     5 |       ||     5
Dodge: Dodged            |    47 |    60 |    62 |     1 ||   170
